 Dungeon Crawl Stone Soup version 0.15-a0-2151-gce93697 (webtiles) character file.

182 PolkaDot the Ruinous (level 5, -1/35 HPs)
             Began as a Vampire Conjurer on July 19, 2014.
             Slain by an orc
             ... wielding a +0 short sword
              (3 damage)
             ... on Level 3 of the Dungeon.
             The game lasted 00:08:58 (1873 turns).

PolkaDot the Ruinous (Vampire Conjurer)             Turns: 1873, Time: 00:08:58

HP  -1/35        AC  5     Str  7      XL: 5   Next: 35%
MP   1/9         EV 12     Int 19      God:
Gold 105         SH  0     Dex 14      Spells:  3 memorised,  1 level left

rFire  + . .     SeeInvis +     h - +0 short sword
rCold  + . .     Clarity  .     p - +1 robe {rC+ rF+}
rNeg   . . .     rCorr    .     (no shield)
rPois  .         rRot     .     (no helmet)
rElec  .         Spirit   .     d - +0 cloak
SustAb .         Warding  .     (no gloves)
rMut   .         Stasis   .     i - +0 pair of boots
Gourm  .                        (no amulet)
MR     .....                    (no ring)
                                n - +1 ring of intelligence

@: regenerating quickly, not resistant to hostile enchantments, unstealthy
A: fangs 3, see invisible, unbreathing
a: no special abilities


You were on level 3 of the Dungeon.
You were very full.

You visited 1 branch of the dungeon, and saw 3 of its levels.

You collected 105 gold pieces.

Inventory:

Hand weapons
 h - a +0 short sword (weapon)
Armour
 d - a +0 cloak (worn)
 i - a +0 pair of boots (worn)
 p - a +1 robe of resistance (worn)
Jewellery
 n - a +1 ring of intelligence (left hand)
Potions
 a - a potion of might {unknown}
 f - a potion of flight {unknown}
 g - 2 potions of heal wounds {unknown}
 k - a potion of cure mutation {unknown}
Books
 c - a book of Conjurations

   Spells                             Type                      Level
   *Magic Dart                        Conjuration                  1
   *Searing Ray                       Conjuration                  2
   Dazzling Spray                     Conjuration/Hexes            3
   Fulminant Prism                    Conjuration/Hexes            4
   *Iskenderun's Mystic Blast         Conjuration                  4
   Iskenderun's Battlesphere          Conjuration/Charms           5


   Skills:
 - Level 2.1 Dodging
 - Level 3.0 Stealth
 - Level 2.3 Spellcasting
 + Level 4.9 Conjurations


You had one spell level left.
You knew the following spells:

 Your Spells              Type           Power        Failure   Level  Hunger
a - Magic Dart            Conj           ###.         1%          1    #......
d - Iskenderun's Mystic   Conj           ###.....     21%         4    #####..
s - Searing Ray           Conj           ###...       3%          2    ##.....


Dungeon Overview and Level Annotations

Branches:
Dungeon (3/15)

Altars:


Innate Abilities, Weirdness & Mutations

Your natural rate of healing is unusually fast.
You have razor-sharp teeth.*
You have supernaturally acute eyesight.
You can survive without breathing.*


Message History

Aim: an orc wearing a leather armour (almost dead)
The searing ray hits the orc warrior.
The orc warrior is moderately wounded.
* * * LOW MAGIC WARNING * * *
The orc warrior hits you from afar with a trident!
The searing ray hits the orc warrior.
The orc warrior is moderately wounded.
* * * LOW MAGIC WARNING * * *
The orc hits you with a short sword. The orc warrior misses you.
The searing ray hits the orc warrior.
The orc warrior is heavily wounded.
* * * LOW MAGIC WARNING * * *
The orc hits you with a short sword.
* * * LOW HITPOINT WARNING * * *
The orc warrior hits you from afar with a trident.
* * * LOW HITPOINT WARNING * * *
Without enough magic to sustain it, your searing ray dissipates.
The orc hits you but does no damage. The orc warrior barely misses you.
The orc hits you with a short sword.
You die...

# #######..####
#...<........
#.#####...... #.#
.### #.# ..#
####.#.#####..#
#.......@o....#
#.####.###o#......
#.# #)# ### #.#
#.# .........#
###...... ####..#.
...... ##... #.


You could see an orc warrior and an orc.

Vanquished Creatures
  Sigmund (D:2)
  Crazy Yiuf (D:2)
  Jessica (D:2)
  An adder (D:2)
  A worm (D:2)
  3 giant geckos
  An ooze (D:1)
  An orc (D:3)
  6 giant cockroaches
  6 hobgoblins
  2 kobolds (D:1)
  7 bats
  3 giant newts
  6 goblins
  3 jackals (D:1)
  4 rats
47 creatures vanquished.

Notes
Turn   | Place    | Note
--------------------------------------------------------------
     0 | D:1      | PolkaDot, the Vampire Conjurer, began the quest for the Orb.
     0 | D:1      | Reached XP level 1. HP: 13/13 MP: 3/3
   252 | D:1      | Reached XP level 2. HP: 19/19 MP: 0/4
   263 | D:1      | Learned a level 2 spell: Searing Ray
   955 | D:1      | Reached XP level 3. HP: 24/24 MP: 6/6
  1234 | D:2      | Noticed Jessica
  1246 | D:2      | Killed Jessica
  1308 | D:2      | Noticed Sigmund
  1428 | D:2      | Killed Sigmund
  1428 | D:2      | Reached skill level 4 in Conjurations
  1428 | D:2      | Reached XP level 4. HP: 30/30 MP: 2/8
  1525 | D:2      | Reached XP level 5. HP: 33/35 MP: 5/9
  1780 | D:2      | Noticed Crazy Yiuf
  1785 | D:2      | Killed Crazy Yiuf
  1795 | D:2      | Learned a level 4 spell: Iskenderun's Mystic Blast
  1861 | D:3      | Noticed an orc warrior
  1870 | D:3      | HP: 1/35 [orc warrior/trident (5)]
  1873 | D:3      | Slain by an orc

Action                   |  1- 3 |  4- 6 || total
-------------------------+-------+-------++-------
Melee: Unarmed           |    40 |       ||    40
       Short sword       |    46 |    35 ||    81
 Cast: Magic Dart        |    41 |       ||    41
       Searing Ray       |     4 |     6 ||    10
  Use: Potion            |     3 |       ||     3
       Scroll            |     5 |       ||     5
 Stab: Sleeping          |     2 |       ||     2
  Eat: Corpse            |    12 |     5 ||    17
